TOP OF THE 1ST |
Texas Tech Red Raiders batting - Pitching for Texas Christian Horned Frogs : RHP Artie Hatch
|
Pitching: RHP Artie Hatch
|
|
Batting: RHB Terrence Schneider
|
0-0: Called Strike 0-1: Called Strike 0-2: Hit by Pitch
|
Batting: RHB Johnathan Williams
|
0-0: Ball 1-0: Ball 2-0: Swinging Strike 2-1: Foul Ball, location: 2F 2-2: Strikes out looking
|
Batting: LHB Marshall Dunn
|
0-0: Ball Throwing error on steal attempt, E2 Terrence Schneider to third 1-0: Ball 2-0: Foul Ball, location: 2F 2-1: Ground out 4-3 (Groundball, 4S) Terrence Schneider scores
|
Batting: SHB Manuel Hernández
|
0-0: Swinging Strike 0-1: Ball 1-1: SINGLE (Groundball, 56S) (infield hit)
|
Batting: RHB Bobby Santiago
|
0-0: Called Strike 0-1: Called Strike 0-2: Ball 1-2: Strikes out swinging
|
Top of the 1st over - 1 run, 1 hit, 1 error, 1 left on base; Texas Tech 1 - Texas Christian 0 |
BOTTOM OF THE 1ST |
Texas Christian Horned Frogs batting - Pitching for Texas Tech Red Raiders : RHP Chris Hamilton
|
Pitching: RHP Chris Hamilton
|
|
Batting: RHB Jason Becker
|
0-0: Called Strike 0-1: Ball 1-1: Foul Ball, location: 2F 1-2: Ball 2-2: Strikes out looking
|
Batting: LHB Fernando Medina
|
0-0: Ball 1-0: Fly out, F3 (Line Drive, 34S)
|
Batting: LHB Perry Hayward
|
0-0: Ball 1-0: Ball 2-0: Called Strike 2-1: Ball 3-1: Swinging Strike 3-2: Base on Balls
|
Batting: LHB Peter Smith
|
0-0: Ball 1-0: Swinging Strike 1-1: Swinging Strike 1-2: Ball 2-2: Ball Pickoff Throw by Catcher to First - Out!
|
Bottom of the 1st over - 0 runs, 0 hits, 0 errors, 0 left on base; Texas Tech 1 - Texas Christian 0 |
TOP OF THE 2ND |
Texas Tech Red Raiders batting - Pitching for Texas Christian Horned Frogs : RHP Artie Hatch
|
Batting: SHB Lee Oliver
|
0-0: Ground out U3 (Groundball, 3)
|
Batting: RHB Júlio Gómez
|
0-0: Ball 1-0: SINGLE (Groundball, 4MD)
|
Batting: RHB Lorenzo Hernández
|
0-0: Swinging Strike 0-1: Swinging Strike 0-2: Ball 1-2: Strikes out swinging
|
Batting: RHB Alexander McMillan
|
0-0: Called Strike 0-1: Called Strike 0-2: Ball 1-2: Foul Ball, location: 2F 1-2: Strikes out looking
|
Top of the 2nd over - 0 runs, 1 hit, 0 errors, 1 left on base; Texas Tech 1 - Texas Christian 0 |
BOTTOM OF THE 2ND |
Texas Christian Horned Frogs batting - Pitching for Texas Tech Red Raiders : RHP Chris Hamilton
|
Batting: LHB Peter Smith
|
0-0: Foul Ball, location: 2F 0-1: Foul Ball, location: 2F 0-2: Strikes out looking
|
Batting: RHB Jason Ball
|
0-0: Called Strike 0-1: Ball 1-1: Foul Ball, location: 2F 1-2: Ball 2-2: Ball 3-2: Foul Ball, location: 2F 3-2: Foul Ball, location: 2F 3-2: Base on Balls
|
Batting: LHB José Martínez
|
0-0: Ball Jason Ball steals 2nd base 1-0: Ball 2-0: SINGLE (Groundball, 34D) Jason Ball to third Runner from 3rd tries for Home, SAFE, no throw
|
Batting: RHB José Sandoval
|
0-0: Swinging Strike 0-1: Ball 1-1: Ball 2-1: Ball 3-1: Base on Balls José Martínez to second
|
Batting: LHB Joaquín Trejo
|
0-0: Ball 1-0: Ball 2-0: Ball 3-0: Called Strike 3-1: Swinging Strike 3-2: Fly out, F8 (Flyball, 8RM)
|
Batting: RHB Lee Elliott
|
0-0: Called Strike 0-1: Swinging Strike 0-2: Strikes out swinging
|
Bottom of the 2nd over - 1 run, 1 hit, 0 errors, 2 left on base; Texas Tech 1 - Texas Christian 1 |
TOP OF THE 3RD |
Texas Tech Red Raiders batting - Pitching for Texas Christian Horned Frogs : RHP Artie Hatch
|
Batting: RHB Terrence Schneider
|
0-0: Called Strike 0-1: Swinging Strike 0-2: Ball 1-2: Foul Ball, location: 2F 1-2: Ball 2-2: Fly out, F3 (Flyball, 34D)
|
Batting: RHB Johnathan Williams
|
0-0: Ball 1-0: Called Strike 1-1: Foul Ball, location: 2F 1-2: Foul Ball, location: 2F 1-2: Ball 2-2: Reached on error, E8 (Flyball, 8LD)
|
Batting: LHB Marshall Dunn
|
0-0: Ball 1-0: Ball 2-0: Called Strike 2-1: SINGLE (Groundball, 4MD) Johnathan Williams to second
|
Batting: SHB Manuel Hernández
|
0-0: Ball 1-0: Foul Ball, location: 2F 1-1: Foul Ball, location: 2F 1-2: Fly out, F7 (Flyball, 78XD) Runner from 2nd tags up, SAFE at 3rd, no throw
|
Batting: RHB Bobby Santiago
|
0-0: Ball 1-0: Called Strike 1-1: SINGLE (Flyball, 9S) Johnathan Williams scores Marshall Dunn to second
|
Batting: SHB Lee Oliver
|
0-0: Called Strike 0-1: Ball 1-1: Foul Ball, location: 2F 1-2: Strikes out swinging
|
Top of the 3rd over - 1 run, 2 hits, 1 error, 2 left on base; Texas Tech 2 - Texas Christian 1 |
BOTTOM OF THE 3RD |
Texas Christian Horned Frogs batting - Pitching for Texas Tech Red Raiders : RHP Chris Hamilton
|
Batting: RHB Jason Becker
|
0-0: Called Strike 0-1: Ball 1-1: Swinging Strike 1-2: Strikes out swinging
|
Batting: LHB Fernando Medina
|
0-0: Foul Ball, location: 2F 0-1: Ball 1-1: Foul Ball, location: 2F 1-2: DOUBLE (Line Drive, 9LM)
|
Batting: LHB Perry Hayward
|
0-0: Foul Ball, location: 2F 0-1: Called Strike 0-2: Strikes out swinging
|
Batting: LHB Peter Smith
|
0-0: Ball 1-0: Ball 2-0: Foul Ball, location: 2F 2-1: Swinging Strike 2-2: Foul Ball, location: 2F 2-2: Ball 3-2: Foul Ball, location: 2F 3-2: Base on Balls
|
Batting: RHB Jason Ball
|
0-0: Called Strike 0-1: Swinging Strike 0-2: Foul Ball, location: 2F 0-2: Ball 1-2: Foul Ball, location: 2F 1-2: Ball 2-2: Ball 3-2: Strikes out swinging
|
Bottom of the 3rd over - 0 runs, 1 hit, 0 errors, 2 left on base; Texas Tech 2 - Texas Christian 1 |
TOP OF THE 4TH |
Texas Tech Red Raiders batting - Pitching for Texas Christian Horned Frogs : RHP Artie Hatch
|
Batting: RHB Júlio Gómez
|
0-0: Foul Ball, location: 2F 0-1: Swinging Strike 0-2: Ball 1-2: SINGLE (Flyball, 78S)
|
Batting: RHB Lorenzo Hernández
|
0-0: Called Strike 0-1: Swinging Strike 0-2: Ball 1-2: Strikes out looking
|
Batting: RHB Alexander McMillan
|
0-0: Ball 1-0: Ball 2-0: SINGLE (Groundball, 6MD) Júlio Gómez to second Runner from 2nd tries for 3rd, SAFE, no throw
|
Batting: RHB Terrence Schneider
|
0-0: Fly out, F9 (Line Drive, 9) Runner from 3rd tags up, OUT at HOME
|
Top of the 4th over - 0 runs, 2 hits, 0 errors, 1 left on base; Texas Tech 2 - Texas Christian 1 |
BOTTOM OF THE 4TH |
Texas Christian Horned Frogs batting - Pitching for Texas Tech Red Raiders : RHP Chris Hamilton
|
Batting: LHB José Martínez
|
0-0: Ball 1-0: Ball 2-0: Foul Ball, location: 2F 2-1: Foul Ball, location: 2F 2-2: Strikes out looking
|
Batting: RHB José Sandoval
|
0-0: Ground out U3 (Groundball, 3L)
|
Batting: LHB Joaquín Trejo
|
0-0: Ball 1-0: Ball 2-0: Fly out, F8 (Flyball, 8LS)
|
Bottom of the 4th over - 0 runs, 0 hits, 0 errors, 0 left on base; Texas Tech 2 - Texas Christian 1 |
TOP OF THE 5TH |
Texas Tech Red Raiders batting - Pitching for Texas Christian Horned Frogs : RHP Artie Hatch
|
Batting: RHB Johnathan Williams
|
0-0: Called Strike 0-1: Swinging Strike 0-2: Ground out 6-3 (Groundball, 56)
|
Batting: LHB Marshall Dunn
|
0-0: Ball 1-0: Ball 2-0: Called Strike 2-1: Ball 3-1: Foul Ball, location: 2F 3-2: Fly out, F7 (Flyball, 7)
|
Batting: SHB Manuel Hernández
|
0-0: Called Strike 0-1: Ball 1-1: Ball 2-1: SINGLE (Groundball, 6MD)
|
Pitching: RHP Joe Martin
|
|
Batting: RHB Bobby Santiago
|
0-0: Ball 1-0: Called Strike 1-1: Foul Ball, location: 2F 1-2: Ball 2-2: Strikes out swinging
|
Top of the 5th over - 0 runs, 1 hit, 0 errors, 1 left on base; Texas Tech 2 - Texas Christian 1 |
BOTTOM OF THE 5TH |
Texas Christian Horned Frogs batting - Pitching for Texas Tech Red Raiders : RHP Chris Hamilton
|
Pitching: RHP Richard McGinnity
|
|
Batting: RHB Lee Elliott
|
0-0: SOLO HOME RUN (Flyball, 7LD), Distance : 385 ft
|
Batting: RHB Jason Becker
|
0-0: Ball 1-0: Ball 2-0: SINGLE (Groundball, 56D)
|
Batting: LHB Fernando Medina
|
0-0: Ball 1-0: Foul Ball, location: 2F 1-1: Ball 2-1: Ground out 3-1 (Groundball, 23) Jason Becker to second
|
Batting: LHB Perry Hayward
|
0-0: Ball 1-0: Ball 2-0: Ball 3-0: Called Strike 3-1: Ground out 1-3 (Groundball, 13) Jason Becker to third
|
Batting: LHB Peter Smith
|
0-0: Called Strike 0-1: Ball 1-1: Ball 2-1: Ball 3-1: Foul Ball, location: 2F 3-2: Base on Balls
|
Batting: RHB Jason Ball
|
0-0: Ball 1-0: Ball 2-0: Ball 3-0: Called Strike 3-1: Base on Balls Peter Smith to second
|
Batting: LHB José Martínez
|
0-0: Called Strike 0-1: Foul Ball, location: 2F 0-2: Ball 1-2: Ball 2-2: Ball 3-2: Foul Ball, location: 2F 3-2: Foul Ball, location: 2F 3-2: Foul Ball, location: 2F 3-2: Strikes out looking
|
Bottom of the 5th over - 1 run, 2 hits, 0 errors, 3 left on base; Texas Tech 2 - Texas Christian 2 |
TOP OF THE 6TH |
Texas Tech Red Raiders batting - Pitching for Texas Christian Horned Frogs : RHP Joe Martin
|
Batting: SHB Lee Oliver
|
0-0: Swinging Strike 0-1: Ball 1-1: Foul Ball, location: 2F 1-2: Ball 2-2: Fly out, F4 (Line Drive, 4)
|
Batting: RHB Júlio Gómez
|
0-0: Called Strike 0-1: Ground out 4-3 (Groundball, 4)
|
Batting: RHB Lorenzo Hernández
|
0-0: Ball 1-0: Ball 2-0: Foul Ball, location: 2F 2-1: Ball 3-1: Base on Balls
|
Batting: RHB Alexander McMillan
|
0-0: Fly out, F8 (Flyball, 8LD)
|
Top of the 6th over - 0 runs, 0 hits, 0 errors, 1 left on base; Texas Tech 2 - Texas Christian 2 |
BOTTOM OF THE 6TH |
Texas Christian Horned Frogs batting - Pitching for Texas Tech Red Raiders : RHP Richard McGinnity
|
Batting: RHB José Sandoval
|
0-0: Ball 1-0: Ground out U3 (Groundball, 34S)
|
Batting: LHB Joaquín Trejo
|
0-0: Ball 1-0: Swinging Strike 1-1: Ball 2-1: Foul Ball, location: 2F 2-2: Ball 3-2: Base on Balls
|
Batting: RHB Lee Elliott
|
0-0: SINGLE (Groundball, 56D) Joaquín Trejo to second
|
Batting: RHB Jason Becker
|
0-0: Called Strike 0-1: Ball 1-1: Fly out, F9 (Flyball, 9D)
|
Batting: LHB Fernando Medina
|
0-0: Called Strike 0-1: Swinging Strike 0-2: Fly out, F4 (Line Drive, 4)
|
Bottom of the 6th over - 0 runs, 1 hit, 0 errors, 2 left on base; Texas Tech 2 - Texas Christian 2 |
TOP OF THE 7TH |
Texas Tech Red Raiders batting - Pitching for Texas Christian Horned Frogs : LHP Larry Mountjoy
|
Pitching: LHP Larry Mountjoy
|
|
Batting: RHB Terrence Schneider
|
0-0: Ball 1-0: Called Strike 1-1: Called Strike 1-2: Foul Ball, location: 2F 1-2: Foul Ball, location: 2F 1-2: Foul Ball, location: 2F 1-2: Ball 2-2: Ball 3-2: Strikes out swinging
|
Batting: RHB Johnathan Williams
|
0-0: Ball 1-0: Ball 2-0: Ball 3-0: Base on Balls
|
Batting: LHB Marshall Dunn
|
0-0: Fly out, F8 (Flyball, 8RS)
|
Pinch Hitting: RHB Zander von Strantz
|
0-0: Ball 1-0: Ball 2-0: Swinging Strike Passed Ball! Johnathan Williams to second 2-1: Ball 3-1: Foul Ball, location: 2F 3-2: Base on Balls
|
Pinch Runner at 2nd Chris Cox:
|
|
Batting: RHB Bobby Santiago
|
0-0: Fly out, F4 (Popup, 4M)
|
Top of the 7th over - 0 runs, 0 hits, 0 errors, 2 left on base; Texas Tech 2 - Texas Christian 2 |
BOTTOM OF THE 7TH |
Texas Christian Horned Frogs batting - Pitching for Texas Tech Red Raiders : RHP Richard McGinnity
|
Now at 2B: Chris Cox
|
|
Now in LF: Zander von Strantz
|
|
Batting: LHB Perry Hayward
|
0-0: Ball 1-0: Swinging Strike 1-1: SINGLE (Groundball, 3D)
|
Batting: LHB Peter Smith
|
0-0: Ball 1-0: Ball 2-0: Foul Ball, location: 2F 2-1: Ball 3-1: Foul Ball, location: 2F 3-2: SINGLE (Line Drive, 89S) Perry Hayward to second
|
Pinch Hitting: LHB Gabriel Guzmán
|
0-0: Foul Ball, location: 2F 0-1: Foul Ball, location: 2F 0-2: Ball 1-2: Fly out, F2 (Popup, 2LF)
|
Pitching: RHP Jonathan Kelley
|
|
Batting: LHB José Martínez
|
0-0: Swinging Strike 0-1: Fielders Choice at 2nd, 4-6 (Groundball, 4) Perry Hayward to third
|
Batting: RHB José Sandoval
|
0-0: Foul Ball, location: 2F 0-1: Ball 1-1: Ball 2-1: Ball 3-1: Base on Balls José Martínez to second
|
Batting: LHB Joaquín Trejo
|
0-0: Swinging Strike 0-1: Foul Ball, location: 2F 0-2: Ball 1-2: Foul Ball, location: 2F 1-2: Ball 2-2: SINGLE (Groundball, 56D) Perry Hayward scores José Martínez to third José Sandoval to second Runner from 3rd tries for Home, SAFE, no throw
|
Batting: RHB Lee Elliott
|
0-0: Called Strike 0-1: Ball 1-1: SINGLE (Groundball, 56S) (infield hit) José Sandoval to third Joaquín Trejo to second
|
Batting: RHB Jason Becker
|
0-0: Ball 1-0: Ball 2-0: Swinging Strike 2-1: Called Strike 2-2: Strikes out swinging
|
Bottom of the 7th over - 2 runs, 4 hits, 0 errors, 3 left on base; Texas Tech 2 - Texas Christian 4 |
TOP OF THE 8TH |
Texas Tech Red Raiders batting - Pitching for Texas Christian Horned Frogs : LHP Larry Mountjoy
|
Now in LF: Gabriel Guzmán
|
|
Batting: SHB Lee Oliver
|
0-0: Ball 1-0: Ground out 6-3 (Groundball, 6)
|
Batting: RHB Júlio Gómez
|
0-0: Ball 1-0: Foul Ball, location: 2F 1-1: Ball 2-1: Ball 3-1: Foul Ball, location: 2F 3-2: Base on Balls
|
Batting: RHB Lorenzo Hernández
|
0-0: Ball 1-0: Ball 2-0: Foul Ball, location: 2F 2-1: Swinging Strike 2-2: Foul Ball, location: 2F 2-2: Ball 3-2: Fly out, F8 (Flyball, 8RM)
|
Batting: RHB Alexander McMillan
|
0-0: Foul Ball, location: 2F 0-1: Called Strike 0-2: Strikes out swinging
|
Top of the 8th over - 0 runs, 0 hits, 0 errors, 1 left on base; Texas Tech 2 - Texas Christian 4 |
BOTTOM OF THE 8TH |
Texas Christian Horned Frogs batting - Pitching for Texas Tech Red Raiders : RHP Jonathan Kelley
|
Batting: LHB Fernando Medina
|
0-0: Ball 1-0: Ball 2-0: Foul Ball, location: 2F 2-1: Ball 3-1: Called Strike 3-2: Base on Balls
|
Batting: LHB Perry Hayward
|
0-0: Ball 1-0: Called Strike Pickoff Throw to First - Out! 1-1: Ball 2-1: Ball 3-1: Ground out 4-3 (Groundball, 4)
|
Batting: LHB Peter Smith
|
0-0: Called Strike 0-1: Ball 1-1: Ground out 5-3 (Groundball, 5)
|
Bottom of the 8th over - 0 runs, 0 hits, 0 errors, 0 left on base; Texas Tech 2 - Texas Christian 4 |
TOP OF THE 9TH |
Texas Tech Red Raiders batting - Pitching for Texas Christian Horned Frogs : LHP Larry Mountjoy
|
Pitching: RHP Alberto Herrera
|
|
Batting: RHB Terrence Schneider
|
0-0: Called Strike 0-1: Ball 1-1: Swinging Strike 1-2: Foul Ball, location: 2F 1-2: Strikes out swinging, 2-3 out at first.
|
Batting: RHB Chris Cox
|
0-0: Called Strike 0-1: TRIPLE (Line Drive, 78XD)
|
Batting: LHB Marshall Dunn
|
0-0: Ball 1-0: Called Strike 1-1: Fly out, F8 (Line Drive, 78D) Runner from 3rd tags up, SCORES, no throw
|
Batting: RHB Zander von Strantz
|
0-0: Ground out 5-3 (Groundball, 56S)
|
Top of the 9th over - 1 run, 1 hit, 0 errors, 0 left on base; Texas Tech 3 - Texas Christian 4 |
|